[ AOE2 MATCH · #479216117 ]
Team RMTurks vs Magyars
[ REPLAY ANALYSIS · EXTRACTED FROM THE RECORDED GAME ]
Feudal
14:56
Castle
24:25
Imperial
35:17
| APM avg | 16.8 |
| APM peak | 32 |
| eAPM avg | 9.1 |
| Villagers / military | 92 / 92 |
Focus
⚔️ 25.4% · 🌾 74.6%
Janissary ×35 · Camel Scout ×29 · Bombard Cannon ×21 · Archer ×7 · Trade Cart ×6 · Fishing Ship ×5
Feudal
15:40
Castle
20:40
Imperial
41:07
| APM avg | 18.5 |
| APM peak | 35 |
| eAPM avg | 14.2 |
| Villagers / military | 133 / 198 |
Focus
⚔️ 27.0% · 🌾 73.0%
Knight ×172 · Militia ×12 · Battering Ram ×7 · Monk ×4 · Leitis ×3
Feudal
17:47
Castle
25:06
Imperial
37:52
| APM avg | 16.0 |
| APM peak | 38 |
| eAPM avg | 11.9 |
| Villagers / military | 116 / 103 |
Focus
⚔️ 29.1% · 🌾 70.9%
Knight ×86 · Trebuchet (Packed) ×11 · Trade Cart ×6 · Fishing Ship ×4 · Magyar Huszar ×4 · Battering Ram ×2
Feudal
13:02
Castle
26:23
Imperial
35:40
| APM avg | 30.4 |
| APM peak | 61 |
| eAPM avg | 14.8 |
| Villagers / military | 83 / 71 |
Focus
⚔️ 28.4% · 🌾 71.6%
Mangudai ×40 · Monk ×15 · Fishing Ship ×10 · Spearman ×6 · Demolition Raft ×5 · Trebuchet (Packed) ×4
Match map
Initial resources + every placement click. Lines = walls · curves = elevation contours. ◆ gold · ⬟ stone · ● berries · ✦ relic · ◌ wall gap
Your base· ✓ Closed at 24:25 · 25t walls · no gate
dennys.jiang's base· ✓ Closed at 20:40 · 23t walls · no gate
GRINDAGUT's base· ✓ Closed at 25:06 · 36t walls · 3 gate(s)
KMTZ's base· ✓ Closed at 26:23 · 19t walls · no gate
Smoothed initial terrain · ◌ = detected wall gap · hover for details
Inputs per minute
— chavezmontoyamar - - dennys.jiang
Build order — chavezmontoyamar
First 150 of 210 actions detected
| 0:01 | Create | Villager (Male) |
| 0:11 | Build | House |
| 0:14 | Research | Loom |
| 0:14 | Create | Villager (Male) ×3 |
| 0:37 | Build | Palisade Wall |
| 1:43 | Build | Palisade Wall |
| 2:18 | Build | Palisade Wall |
| 2:30 | Create | Villager (Male) |
| 2:31 | Create | Villager (Male) |
| 2:59 | Build | Lumber Camp |
| 3:18 | Create | Villager (Male) |
| 3:18 | Create | Villager (Male) |
| 3:34 | Build | House |
| 3:51 | Create | Villager (Male) |
| 3:52 | Create | Villager (Male) |
| 4:11 | Create | Villager (Male) |
| 4:11 | Create | Villager (Male) |
| 4:33 | Build | House |
| 4:57 | Create | Villager (Male) |
| 5:20 | Build | House |
| 5:26 | Build | House |
| 5:28 | Build | House |
| 5:37 | Build | House |
| 5:46 | Create | Villager (Male) |
| 5:46 | Create | Villager (Male) |
| 5:46 | Create | Villager (Male) |
| 7:05 | Create | Villager (Male) ×2 |
| 7:05 | Create | Villager (Male) ×2 |
| 9:20 | Create | Villager (Male) |
| 9:37 | Create | Villager (Male) |
| 11:03 | Create | Villager (Male) |
| 11:04 | Create | Villager (Male) |
| 11:14 | Build | Mill |
| 11:45 | Build | Lumber Camp |
| 12:19 | Create | Villager (Male) |
| 12:46 | Research | Feudal Age |
| 12:46 | Research | Feudal Age |
| 13:56 | Create | Villager (Male) |
| 13:56 | Create | Villager (Male) |
| 13:57 | Create | Villager (Male) |
| 14:11 | Build | Farm |
| 14:12 | Build | Farm |
| 14:12 | Build | Farm |
| 14:13 | Build | Farm |
| 14:13 | Build | Farm |
| 14:13 | Build | Farm |
| 14:14 | Build | Farm |
| 14:15 | Build | Farm |
| 14:15 | Build | Farm |
| 14:16 | Build | Farm |
| 14:34 | Build | Dock |
| 14:54 | Build | Dock |
| 14:56 | Age | Feudal Age |
| 15:04 | Build | Mining Camp |
| 15:10 | Create | Villager (Male) ×5 |
| 16:03 | Build | Barracks |
| 17:09 | Build | Archery Range |
| 17:41 | Create | Villager (Male) |
| 17:45 | Create | Villager (Male) |
| 17:59 | Build | Market |
| 18:09 | Create | Archer |
| 18:09 | Create | Archer |
| 18:09 | Create | Archer |
| 18:37 | Build | Blacksmith |
| 18:50 | Build | Mill |
| 18:58 | Create | Villager (Male) |
| 18:59 | Create | Villager (Male) |
| 19:21 | Create | Archer |
| 19:30 | Create | Villager (Male) |
| 19:39 | Build | House |
| 19:42 | Build | House |
| 19:44 | Build | House |
| 19:45 | Build | House |
| 21:45 | Research | Castle Age |
| 22:10 | Build | Mining Camp |
| 23:39 | Create | Villager (Male) ×5 |
| 23:44 | Create | Villager (Male) |
| 23:45 | Create | Villager (Male) |
| 23:45 | Create | Villager (Male) |
| 24:17 | Create | Villager (Male) |
| 24:17 | Create | Villager (Male) |
| 24:17 | Create | Villager (Male) |
| 24:18 | Create | Villager (Male) |
| 24:25 | Age | Castle Age |
| 24:39 | Build | Town Center |
| 26:12 | Research | Crossbowman (upgrade) |
| 26:12 | Research | Crossbowman (upgrade) |
| 26:13 | Create | Archer |
| 26:14 | Create | Archer |
| 26:14 | Create | Archer |
| 26:15 | Research | Thumb Ring |
| 28:01 | Create | Villager (Male) |
| 28:02 | Create | Villager (Male) |
| 28:02 | Create | Villager (Male) |
| 28:02 | Create | Villager (Male) |
| 28:02 | Create | Villager (Male) |
| 28:03 | Create | Villager (Male) |
| 28:03 | Create | Villager (Male) |
| 28:03 | Create | Villager (Male) |
| 28:43 | Build | Castle |
| 29:11 | Build | Castle |
| 29:18 | Build | Stone Wall |
| 29:24 | Build | Gate |
| 29:30 | Create | Villager (Male) |
| 29:36 | Create | Villager (Male) ×5 |
| 29:37 | Create | Villager (Male) ×5 |
| 29:48 | Create | Fishing Ship ×5 |
| 29:51 | Research | Tech 906 |
| 30:02 | Build | House |
| 30:03 | Build | House |
| 30:04 | Build | House |
| 30:07 | Build | House |
| 30:19 | Build | Town Center |
| 30:23 | Create | Trade Cart ×3 |
| 30:24 | Create | Trade Cart ×3 |
| 32:07 | Research | Imperial Age |
| 32:27 | Build | Mining Camp |
| 32:36 | Create | Villager (Male) ×5 |
| 33:00 | Build | Siege Workshop |
| 33:06 | Build | Siege Workshop |
| 33:22 | Research | Double-Bit Axe |
| 33:26 | Research | Horse Collar |
| 33:35 | Build | Fish Trap |
| 34:58 | Create | Villager (Male) ×5 |
| 34:58 | Create | Villager (Male) ×5 |
| 35:02 | Create | Villager (Male) ×2 |
| 35:10 | Build | Lumber Camp |
| 35:17 | Age | Imperial Age |
| 35:20 | Build | Lumber Camp |
| 35:29 | Create | Bombard Cannon |
| 35:29 | Create | Bombard Cannon |
| 35:29 | Create | Bombard Cannon |
| 35:46 | Create | Bombard Cannon |
| 35:58 | Build | Lumber Camp |
| 36:09 | Research | Town Watch |
| 36:13 | Research | Wheelbarrow |
| 36:19 | Create | Villager (Male) |
| 36:19 | Create | Villager (Male) |
| 36:19 | Create | Villager (Male) |
| 36:20 | Create | Villager (Male) |
| 36:47 | Create | Janissary |
| 36:47 | Create | Janissary |
| 37:59 | Create | Bombard Cannon |
| 38:00 | Create | Bombard Cannon |
| 38:00 | Create | Bombard Cannon |
| 38:26 | Build | Fish Trap |
| 38:27 | Build | Fish Trap |
| 38:29 | Build | Fish Trap |
| 38:30 | Build | Fish Trap |
| 38:38 | Build | Mining Camp |
Build order — dennys.jiang
First 150 of 388 actions detected
| 0:02 | Create | Villager (Male) |
| 0:02 | Create | Villager (Male) |
| 0:02 | Create | Villager (Male) |
| 0:03 | Create | Villager (Male) |
| 0:03 | Create | Villager (Male) |
| 0:09 | Build | House |
| 0:10 | Build | House |
| 0:11 | Build | House |
| 0:19 | Create | Villager (Male) |
| 0:20 | Create | Villager (Male) |
| 1:05 | Build | Palisade Wall |
| 1:49 | Build | House |
| 1:53 | Build | House |
| 2:12 | Create | Villager (Male) |
| 3:07 | Create | Villager (Male) |
| 3:07 | Create | Villager (Male) |
| 3:38 | Create | Villager (Male) |
| 3:38 | Create | Villager (Male) |
| 3:53 | Build | Lumber Camp |
| 4:27 | Build | Palisade Wall |
| 4:33 | Create | Villager (Male) |
| 4:33 | Create | Villager (Male) |
| 5:09 | Create | Villager (Male) |
| 5:10 | Create | Villager (Male) |
| 5:42 | Create | Villager (Male) |
| 5:42 | Create | Villager (Male) |
| 5:43 | Create | Villager (Male) |
| 6:13 | Create | Villager (Male) |
| 7:03 | Create | Villager (Male) |
| 7:03 | Create | Villager (Male) |
| 7:03 | Create | Villager (Male) |
| 7:08 | Build | Mill |
| 7:20 | Build | House |
| 7:48 | Create | Villager (Male) |
| 7:48 | Create | Villager (Male) |
| 8:12 | Build | House |
| 8:13 | Build | House |
| 9:01 | Create | Villager (Male) |
| 9:02 | Create | Villager (Male) |
| 9:49 | Create | Villager (Male) |
| 10:03 | Create | Villager (Male) |
| 10:16 | Build | Mill |
| 10:52 | Build | Barracks |
| 11:00 | Create | Villager (Male) |
| 11:00 | Create | Villager (Male) |
| 11:01 | Create | Villager (Male) |
| 11:01 | Create | Villager (Male) |
| 11:01 | Create | Villager (Male) |
| 11:02 | Create | Villager (Male) |
| 11:17 | Build | Mining Camp |
| 11:44 | Build | Mining Camp |
| 12:46 | Build | Farm |
| 13:19 | Research | Feudal Age |
| 13:52 | Build | Farm |
| 13:54 | Build | Farm |
| 13:58 | Create | Villager (Male) |
| 13:58 | Create | Villager (Male) |
| 15:40 | Age | Feudal Age |
| 15:52 | Build | Market |
| 16:04 | Build | Stable |
| 16:10 | Create | Villager (Male) |
| 16:10 | Create | Villager (Male) |
| 16:13 | Research | Double-Bit Axe |
| 17:12 | Build | House |
| 17:28 | Create | Villager (Male) |
| 18:00 | Research | Castle Age |
| 18:12 | Research | Horse Collar |
| 18:21 | Build | Farm |
| 18:29 | Build | Mining Camp |
| 18:45 | Create | Militia |
| 18:46 | Create | Militia |
| 18:46 | Create | Militia |
| 19:13 | Build | Farm |
| 19:14 | Build | Farm |
| 19:18 | Build | Farm |
| 19:19 | Build | Farm |
| 19:21 | Build | Farm |
| 19:47 | Build | Farm |
| 19:53 | Build | Farm |
| 19:56 | Build | Farm |
| 20:05 | Build | House |
| 20:06 | Build | House |
| 20:07 | Build | House |
| 20:17 | Research | Man-at-Arms (upgrade) |
| 20:40 | Age | Castle Age |
| 20:44 | Build | Town Center |
| 20:51 | Create | Villager (Male) |
| 20:51 | Create | Villager (Male) |
| 20:51 | Create | Villager (Male) |
| 20:52 | Create | Villager (Male) |
| 20:53 | Create | Villager (Male) |
| 20:54 | Create | Villager (Male) |
| 21:02 | Create | Knight |
| 21:03 | Create | Knight |
| 21:03 | Create | Knight |
| 21:21 | Create | Militia |
| 21:21 | Create | Militia |
| 21:22 | Create | Militia |
| 21:45 | Create | Villager (Male) |
| 21:45 | Create | Villager (Male) |
| 22:09 | Research | Long Swordsman (upgrade) |
| 22:13 | Create | Militia |
| 22:48 | Create | Villager (Male) |
| 22:48 | Create | Villager (Male) |
| 22:48 | Create | Villager (Male) |
| 23:09 | Build | Town Center |
| 23:25 | Research | Husbandry |
| 23:47 | Build | Farm |
| 23:49 | Create | Villager (Male) |
| 23:56 | Create | Villager (Male) |
| 24:25 | Build | Farm |
| 24:26 | Build | Farm |
| 24:29 | Create | Villager (Male) |
| 24:29 | Create | Villager (Male) |
| 24:30 | Create | Villager (Male) |
| 24:30 | Create | Villager (Male) |
| 24:41 | Create | Villager (Male) |
| 24:42 | Create | Villager (Male) |
| 24:42 | Create | Villager (Male) |
| 24:49 | Build | House |
| 24:50 | Build | House |
| 24:50 | Build | House |
| 24:50 | Build | House |
| 24:50 | Build | House |
| 24:56 | Create | Villager (Male) |
| 24:57 | Create | Villager (Male) |
| 25:25 | Create | Villager (Male) |
| 25:25 | Create | Villager (Male) |
| 25:28 | Build | Farm |
| 25:33 | Build | Farm |
| 25:34 | Create | Villager (Male) |
| 25:34 | Create | Villager (Male) |
| 25:38 | Create | Villager (Male) |
| 25:38 | Create | Villager (Male) |
| 25:38 | Create | Villager (Male) |
| 25:54 | Build | Castle |
| 25:59 | Create | Knight |
| 25:59 | Create | Knight |
| 25:59 | Create | Knight |
| 26:01 | Create | Knight |
| 26:01 | Create | Knight |
| 26:12 | Build | Farm |
| 26:15 | Build | Farm |
| 26:18 | Build | Farm |
| 26:21 | Build | Farm |
| 26:23 | Create | Villager (Male) |
| 26:23 | Create | Villager (Male) |
| 26:29 | Create | Villager (Male) |
| 26:29 | Create | Villager (Male) |
| 26:30 | Create | Villager (Male) |
Build order — GRINDAGUT
First 150 of 373 actions detected
| 0:01 | Create | Villager (Male) |
| 0:02 | Create | Villager (Male) |
| 0:02 | Create | Villager (Male) |
| 0:02 | Create | Villager (Male) |
| 0:02 | Create | Villager (Male) |
| 0:03 | Build | House |
| 0:05 | Build | House |
| 0:45 | Research | Loom |
| 1:10 | Create | Villager (Male) |
| 1:11 | Create | Villager (Male) |
| 1:33 | Build | Palisade Wall |
| 1:53 | Build | Palisade Gate |
| 2:39 | Create | Villager (Male) |
| 3:53 | Build | Mill |
| 4:53 | Create | Villager (Male) |
| 4:54 | Create | Villager (Male) |
| 5:52 | Create | Villager (Male) |
| 5:52 | Create | Villager (Male) |
| 5:53 | Create | Villager (Male) |
| 6:25 | Create | Villager (Male) |
| 6:37 | Build | House |
| 6:43 | Create | Villager (Male) |
| 7:23 | Create | Villager (Male) |
| 7:54 | Create | Villager (Male) |
| 8:29 | Build | House |
| 8:32 | Create | Villager (Male) |
| 9:10 | Create | Villager (Male) |
| 9:11 | Create | Villager (Male) |
| 9:11 | Create | Villager (Male) |
| 9:12 | Create | Villager (Male) |
| 10:08 | Create | Villager (Male) |
| 10:30 | Create | Villager (Male) |
| 10:31 | Create | Villager (Male) |
| 10:31 | Create | Villager (Male) |
| 11:13 | Build | Mill |
| 11:14 | Create | Villager (Male) |
| 11:14 | Create | Villager (Male) |
| 11:48 | Build | House |
| 11:56 | Build | Lumber Camp |
| 11:57 | Create | Villager (Male) |
| 12:16 | Build | House |
| 13:00 | Create | Villager (Male) |
| 13:09 | Build | Farm |
| 13:39 | Build | Palisade Wall |
| 13:41 | Build | Palisade Gate |
| 13:52 | Build | Barracks |
| 14:00 | Build | Farm |
| 14:36 | Create | Villager (Male) |
| 14:54 | Build | Farm |
| 15:07 | Build | House |
| 15:10 | Build | Farm |
| 15:12 | Create | Villager (Male) |
| 15:17 | Build | House |
| 15:33 | Research | Feudal Age |
| 15:54 | Build | Mining Camp |
| 17:05 | Build | Dock |
| 17:11 | Build | Farm |
| 17:47 | Age | Feudal Age |
| 17:51 | Research | Double-Bit Axe |
| 17:53 | Create | Fishing Ship |
| 17:57 | Research | Horse Collar |
| 18:00 | Research | Town Watch |
| 18:05 | Create | Villager (Male) |
| 18:30 | Build | Stone Wall |
| 18:33 | Build | Gate |
| 18:38 | Create | Villager (Male) |
| 18:52 | Build | House |
| 18:55 | Research | Wheelbarrow |
| 19:23 | Build | Blacksmith |
| 19:47 | Build | Farm |
| 19:48 | Build | Farm |
| 19:49 | Build | Farm |
| 19:50 | Build | Farm |
| 20:13 | Create | Villager (Male) |
| 20:36 | Create | Villager (Male) |
| 20:40 | Build | Market |
| 21:23 | Create | Villager (Male) |
| 21:26 | Build | Blacksmith |
| 21:47 | Build | Lumber Camp |
| 22:01 | Create | Villager (Male) |
| 22:09 | Build | Mining Camp |
| 22:12 | Research | Castle Age |
| 22:32 | Research | Scale Barding Armor |
| 23:10 | Build | Stable |
| 24:06 | Build | Stone Wall |
| 24:10 | Build | Gate |
| 24:28 | Build | Blacksmith |
| 25:06 | Age | Castle Age |
| 25:14 | Create | Knight |
| 25:19 | Create | Villager (Male) |
| 25:22 | Build | Town Center |
| 25:30 | Build | Stable |
| 25:33 | Create | Villager (Male) |
| 25:39 | Create | Knight |
| 25:39 | Create | Knight |
| 25:44 | Create | Villager (Male) |
| 25:51 | Create | Knight |
| 26:11 | Create | Knight |
| 26:15 | Build | House |
| 26:20 | Create | Villager (Male) |
| 26:23 | Create | Villager (Male) |
| 26:23 | Create | Villager (Male) |
| 26:27 | Create | Knight |
| 26:37 | Research | Bow Saw |
| 26:59 | Build | House |
| 27:07 | Research | Gold Mining |
| 27:09 | Create | Villager (Male) |
| 27:09 | Create | Villager (Male) |
| 27:10 | Create | Villager (Male) |
| 27:10 | Create | Villager (Male) |
| 27:14 | Build | Farm |
| 27:16 | Build | Farm |
| 27:22 | Build | Farm |
| 27:40 | Build | House |
| 27:55 | Create | Knight |
| 27:55 | Create | Knight |
| 28:01 | Research | Hand Cart |
| 28:05 | Create | Villager (Male) |
| 28:15 | Build | Siege Workshop |
| 28:23 | Create | Villager (Male) |
| 28:46 | Create | Villager (Male) |
| 28:47 | Create | Villager (Male) |
| 28:47 | Create | Villager (Male) |
| 28:51 | Create | Fishing Ship |
| 28:51 | Create | Fishing Ship |
| 28:54 | Build | Farm |
| 29:12 | Create | Battering Ram |
| 29:22 | Build | House |
| 29:24 | Create | Villager (Male) |
| 29:25 | Create | Villager (Male) |
| 29:32 | Build | Farm |
| 29:32 | Build | Farm |
| 29:34 | Build | Farm |
| 29:39 | Build | Fish Trap |
| 29:54 | Create | Villager (Male) |
| 29:55 | Create | Villager (Male) |
| 30:05 | Build | Castle |
| 30:26 | Build | Farm |
| 30:27 | Create | Villager (Male) |
| 30:29 | Create | Villager (Male) |
| 30:46 | Research | Chain Barding Armor |
| 31:54 | Create | Villager (Male) |
| 31:55 | Create | Villager (Male) |
| 31:55 | Create | Villager (Male) |
| 32:01 | Build | Farm |
| 32:02 | Build | Farm |
| 32:03 | Build | Farm |
| 32:04 | Build | Farm |
| 32:04 | Build | Farm |
| 32:07 | Build | Farm |
Build order — KMTZ
First 150 of 283 actions detected
| 0:01 | Create | Villager (Male) |
| 0:02 | Create | Villager (Male) |
| 0:02 | Create | Villager (Male) |
| 0:03 | Build | House |
| 0:04 | Build | House |
| 0:05 | Create | Villager (Male) |
| 0:45 | Research | Loom |
| 0:54 | Create | Villager (Male) |
| 0:54 | Create | Villager (Male) |
| 1:42 | Build | House |
| 1:59 | Create | Villager (Male) |
| 1:59 | Create | Villager (Male) |
| 2:47 | Create | Villager (Male) |
| 3:09 | Build | House |
| 3:30 | Build | Lumber Camp |
| 3:41 | Build | House |
| 3:56 | Create | Villager (Male) |
| 3:56 | Create | Villager (Male) |
| 3:56 | Create | Villager (Male) |
| 4:51 | Build | Palisade Wall |
| 5:11 | Create | Villager (Male) |
| 5:33 | Create | Villager (Male) |
| 5:56 | Create | Villager (Male) |
| 5:56 | Create | Villager (Male) |
| 6:21 | Build | House |
| 6:30 | Create | Villager (Male) |
| 6:54 | Create | Villager (Male) |
| 6:54 | Create | Villager (Male) |
| 7:25 | Create | Villager (Male) |
| 7:55 | Build | House |
| 8:02 | Build | House |
| 8:09 | Create | Villager (Male) |
| 8:10 | Create | Villager (Male) |
| 9:12 | Create | Villager (Male) |
| 9:13 | Create | Villager (Male) |
| 9:21 | Build | Mill |
| 9:23 | Create | Villager (Male) |
| 9:35 | Create | Villager (Male) |
| 9:46 | Create | Villager (Male) |
| 10:00 | Create | Villager (Male) |
| 10:09 | Create | Villager (Male) |
| 10:26 | Build | House |
| 10:29 | Build | House |
| 10:45 | Create | Villager (Male) |
| 10:46 | Create | Villager (Male) |
| 10:48 | Create | Villager (Male) |
| 10:52 | Research | Feudal Age |
| 11:06 | Build | House |
| 11:14 | Create | Villager (Male) |
| 11:40 | Build | House |
| 11:46 | Create | Villager (Male) |
| 12:01 | Create | Villager (Male) |
| 12:11 | Build | House |
| 12:22 | Build | House |
| 12:30 | Create | Villager (Male) |
| 12:44 | Build | House |
| 12:46 | Build | House |
| 12:48 | Create | Villager (Male) |
| 13:02 | Age | Feudal Age |
| 13:04 | Create | Villager (Male) |
| 13:05 | Create | Villager (Male) |
| 13:13 | Build | Blacksmith |
| 13:19 | Build | Watch Tower |
| 13:28 | Create | Villager (Male) |
| 14:25 | Create | Villager (Male) |
| 14:51 | Create | Villager (Male) |
| 15:12 | Create | Villager (Male) |
| 15:24 | Build | Market |
| 15:30 | Build | House |
| 16:03 | Build | Palisade Wall |
| 16:15 | Build | Mining Camp |
| 16:30 | Build | Lumber Camp |
| 16:51 | Build | Barracks |
| 16:54 | Create | Villager (Male) |
| 16:56 | Create | Villager (Male) |
| 17:32 | Create | Spearman |
| 17:33 | Create | Spearman |
| 17:38 | Build | Farm |
| 17:38 | Build | Farm |
| 17:41 | Research | Double-Bit Axe |
| 17:46 | Build | Farm |
| 18:39 | Create | Villager (Male) |
| 18:41 | Create | Spearman |
| 18:50 | Create | Villager (Male) |
| 18:57 | Create | Villager (Male) |
| 19:04 | Build | Blacksmith |
| 19:10 | Build | Farm |
| 19:13 | Build | Farm |
| 19:14 | Build | Farm |
| 19:14 | Build | Farm |
| 19:14 | Build | Farm |
| 19:14 | Build | Farm |
| 19:28 | Create | Villager (Male) |
| 19:42 | Build | House |
| 19:47 | Build | Palisade Wall |
| 20:05 | Build | Farm |
| 20:06 | Create | Villager (Male) |
| 20:32 | Create | Villager (Male) |
| 20:41 | Build | Dock |
| 20:51 | Create | Villager (Male) |
| 21:01 | Create | Spearman |
| 21:11 | Build | Farm |
| 21:11 | Build | Farm |
| 21:11 | Build | Farm |
| 21:12 | Build | Farm |
| 21:12 | Build | Farm |
| 21:12 | Build | Farm |
| 21:12 | Build | Farm |
| 21:33 | Create | Villager (Male) |
| 21:39 | Create | Demolition Raft |
| 21:39 | Create | Demolition Raft |
| 21:44 | Create | Fishing Ship |
| 21:44 | Create | Fishing Ship |
| 21:44 | Create | Fishing Ship |
| 21:57 | Create | Villager (Male) |
| 22:13 | Build | House |
| 22:38 | Build | Mill |
| 22:53 | Create | Villager (Male) |
| 22:53 | Create | Villager (Male) |
| 23:28 | Research | Castle Age |
| 23:41 | Create | Villager (Male) |
| 23:52 | Build | Mining Camp |
| 23:52 | Create | Villager (Male) |
| 23:57 | Create | Demolition Raft |
| 23:58 | Create | Demolition Raft |
| 24:01 | Create | Fishing Ship |
| 24:01 | Create | Fishing Ship |
| 24:07 | Build | Fish Trap |
| 24:12 | Build | Farm |
| 24:12 | Create | Villager (Male) |
| 24:21 | Build | Fish Trap |
| 24:28 | Build | Fish Trap |
| 25:02 | Create | Spearman |
| 25:02 | Create | Spearman |
| 25:07 | Research | Forging |
| 25:20 | Build | Fish Trap |
| 25:25 | Create | Fishing Ship |
| 25:26 | Create | Fishing Ship |
| 25:30 | Build | House |
| 25:31 | Build | House |
| 25:33 | Build | House |
| 25:35 | Build | House |
| 26:23 | Age | Castle Age |
| 26:33 | Build | Monastery |
| 26:46 | Build | Stone Wall |
| 27:07 | Build | Palisade Wall |
| 27:27 | Build | House |
| 27:41 | Build | Stone Wall |
| 27:42 | Build | Stone Wall |
| 27:50 | Build | University |
Match timeline
| 0:37 | chavezmontoyamar · wall_segment Palisade Wall x11 |
| 1:05 | dennys.jiang · wall_segment Palisade Wall x13 |
| 1:33 | GRINDAGUT · wall_segment Palisade Wall x9 |
| 1:43 | chavezmontoyamar · wall_segment Palisade Wall x6 |
| 2:18 | chavezmontoyamar · wall_segment Palisade Wall x8 |
| 4:27 | dennys.jiang · wall_segment Palisade Wall x10 |
| 4:51 | KMTZ · wall_segment Palisade Wall x9 |
| 10:52 | dennys.jiang · first_building Barracks |
| 13:02 | KMTZ · age_up feudal |
| 13:39 | GRINDAGUT · wall_segment Palisade Wall x10 |
| 13:52 | GRINDAGUT · first_building Barracks |
| 14:34 | chavezmontoyamar · first_building Dock |
| 14:56 | chavezmontoyamar · age_up feudal |
| 15:40 | dennys.jiang · age_up feudal |
| 16:03 | KMTZ · wall_segment Palisade Wall x1 |
| 16:03 | chavezmontoyamar · first_building Barracks |
| 16:04 | dennys.jiang · first_building Stable |
| 16:24 | KMTZ · first_market_sell 100 food |
| 16:24 | KMTZ · first_market_buy 100 wood |
| 16:51 | KMTZ · first_building Barracks |
| 17:05 | GRINDAGUT · first_building Dock |
| 17:09 | chavezmontoyamar · first_building Archery Range |
| 17:47 | GRINDAGUT · age_up feudal |
| 18:30 | GRINDAGUT · wall_segment Stone Wall x10 |
| 19:47 | KMTZ · wall_segment Palisade Wall x9 |
| 20:40 | dennys.jiang · age_up castle |
| 20:41 | KMTZ · first_building Dock |
| 23:10 | GRINDAGUT · first_building Stable |
| 24:06 | GRINDAGUT · wall_segment Stone Wall x7 |
| 24:25 | chavezmontoyamar · age_up castle |
| 25:06 | GRINDAGUT · age_up castle |
| 25:54 | dennys.jiang · first_building Castle |
| 26:23 | KMTZ · age_up castle |
| 26:33 | KMTZ · first_building Monastery |
| 26:46 | KMTZ · wall_segment Stone Wall x16 |
| 27:07 | KMTZ · wall_segment Palisade Wall x1 |
| 27:41 | KMTZ · wall_segment Stone Wall x6 |
| 27:42 | KMTZ · wall_segment Stone Wall x1 |
| 27:43 | dennys.jiang · first_building Monastery |
| 28:15 | GRINDAGUT · first_building Siege Workshop |
| 28:43 | chavezmontoyamar · first_building Castle |
| 28:53 | KMTZ · wall_segment Stone Wall x1 |
| 29:18 | chavezmontoyamar · wall_segment Stone Wall x14 |
| 29:23 | KMTZ · wall_segment Stone Wall x1 |
| 30:05 | GRINDAGUT · first_building Castle |
| 31:20 | KMTZ · first_building Castle |
| 31:38 | KMTZ · first_building Siege Workshop |
| 33:00 | chavezmontoyamar · first_building Siege Workshop |
| 33:53 | GRINDAGUT · first_market_buy 100 stone |
| 34:11 | dennys.jiang · first_building Siege Workshop |
| 35:17 | chavezmontoyamar · age_up imperial |
| 35:40 | KMTZ · age_up imperial |
| 36:43 | KMTZ · wall_segment Stone Wall x4 |
| 37:19 | GRINDAGUT · first_building Monastery |
| 37:52 | GRINDAGUT · age_up imperial |
| 41:07 | dennys.jiang · age_up imperial |
| 42:15 | GRINDAGUT · first_market_sell 100 food |
| 46:39 | dennys.jiang · first_building Archery Range |
| 46:42 | chavezmontoyamar · first_building Monastery |
| 47:35 | chavezmontoyamar · first_building Stable |
| 50:54 | chavezmontoyamar · resign |
[ AI ANALYSIS · 1 CREDIT ]
What really happened in this match?
Wolo.gg analyzes every decision: build order, eco, micro, common mistakes by bracket. Personalized analysis on WhatsApp or Discord in 30 seconds.
Civ guide
Turks
Map guide
Black Forest
Perfil
Jugador #15769335